 Dungeon Crawl Stone Soup version 0.23.1-37-gaa34b87b72 (webtiles) character file.

Game seed: 15304768088896716445

118 Forgol the Cudgeler (level 5, -3/32 HPs)
             Began as a Gargoyle Fighter on Mar 28, 2019.
             Killed from afar by an orc wizard (6 damage)
             ... with a magic dart
             ... on level 3 of the Dungeon.
             The game lasted 00:05:19 (2435 turns).

Forgol the Cudgeler (Gargoyle Fighter)              Turns: 2435, Time: 00:05:19

Health: -3/32      AC: 16    Str: 20    XL:     5   Next: 2%
Magic:  0/5        EV:  3    Int:  9    God:
Gold:   160        SH:  9    Dex:  9    Spells: 4/4 levels left

rFire    . . .     SeeInvis .   a - +0 flail
rCold    . . .     Gourm    .   c - +0 shield
rNeg     + . .     Faith    .   n - +1 plate armour
rPois    ∞         Spirit   +   (no helmet)
rElec    +         Reflect  .   j - scarf {Spirit}
rCorr    .         Harm     .   (no gloves)
MR       .....                  (no boots)
Stlth    ..........             (no amulet)
HPRegen  0.10/turn              (no ring)
MPRegen  0.09/turn              (no ring)

@: slowed, very slow
A: negative energy resistance 1, electricity resistance, unbreathing,
petrification resistance, rot immunity, AC +4
a: no special abilities


You were on level 3 of the Dungeon.
You were not hungry.

You visited 1 branch of the dungeon, and saw 3 of its levels.

You collected 160 gold pieces.

Inventory:

Hand Weapons
 a - a +0 flail (weapon)
Missiles
 p - 7 javelins
 s - 3 javelins of returning (quivered)
Armour
 b - a +0 scale mail
 c - a +0 shield (worn)
 j - a scarf of spirit shield (worn)
 n - a +1 plate armour (worn)
Jewellery
 i - an uncursed amulet of magic regeneration
 t - an uncursed ring of stealth {unknown}
Wands
 x - a wand of random effects (18)
Scrolls
 e - a scroll of blinking
 m - 3 scrolls of immolation
 v - 2 scrolls of identify
 w - a scroll of fog {unknown}
Potions
 d - 2 potions of might
 g - 2 potions of curing {unknown}
 h - 2 potions of flight {unknown}
 k - 2 potions of lignification
 l - 2 potions of brilliance {unknown}
 o - a potion of berserk rage {unknown}
 r - a potion of heal wounds {unknown}
 u - a potion of agility {unknown}
Comestibles
 f - 6 rations
 z - 2 chunks of flesh


   Skills:
 + Level 3.3 Fighting
 * Level 4.9 Maces & Flails
 + Level 3.3 Armour
 + Level 3.3 Shields


You had 4 spell levels left.
You didn't know any spells.
Your spell library was empty.

Dungeon Overview and Level Annotations

Branches:
Dungeon (3/15)

Altars:


Innate Abilities, Weirdness & Mutations

You are resistant to torment.
Your stone body is resilient. (AC +4)
You are immune to poison.
You resist negative energy. (rN+)
You are resistant to electric shocks. (rElec)
You can survive without breathing.
You are immune to petrification.
You are immune to rotting.


Message History

You hit the orc wizard.
The orc wizard is almost dead.
You block the orc wizard's attack. The orc barely misses you.
You block the orc wizard's attack. The orc hits you with a +0 hand axe.
* * * LOW HITPOINT WARNING * * *
The orc hits you with a +0 mace.
* * * LOW HITPOINT WARNING * * *
The orc wizard casts a spell.
The orc wizard blinks!
As you read the scroll of fear, it crumbles to dust.
You assume a fearsome visage.
The orc looks frightened! x2
Unknown command.
The orc wizard casts a spell at you. The magic dart hits you.
* * * LOW HITPOINT WARNING * * *
The orc wizard gestures at you while chanting.
The magic dart hits you but does no damage.
The orc wizard gestures at you while chanting.
The magic dart hits you!
You die...

####.###########.........#####).#
..............##....###.........#
..##.########.#.....+......###..#
..##.# #.##.#.....####.#.#.....
..##.# #....#.###.####.#.#.#..#
..##.# #.#....# #......#.#.#..#
..##.# #.#.######.####.#.#.#..#
..##.# #.#...o<.#.#<...#'#+#..#
.)##.#####.#....@.....#.........#
..##>...............#.#..........
..######.#....o)....#.#..........
### #.####(###..o#.##'#'#..... #
#.#...[..#...#.##.#.#..... #
#.#'#.##.....#.##.#.#..... ###
#......#.......##.#.#....( ..#
#.......o..#.####.#.#..... ..#
##............. ..#.#.....


You could see an orc wizard and 2 orcs.

Vanquished Creatures
  4 adders
  An ooze (D:2)
  A worm (D:3)
  4 dart slugs
  4 leopard geckos
  A ball python (D:1)
  17 bats
  A giant cockroach (D:3)
  10 goblins
  6 hobgoblins
  3 frilled lizards
  7 kobolds
  5 rats
64 creatures vanquished.

Notes
Turn   | Place    | Note
-------+----------+-------------------------------------------
     0 | D:1      | Forgol the Gargoyle Fighter began the quest for the Orb.
     0 | D:1      | Reached XP level 1. HP: 14/14 MP: 1/1
   166 | D:1      | Reached XP level 2. HP: 17/19 MP: 2/2
   323 | D:1      | Reached skill level 3 in Maces & Flails
   771 | D:1      | Reached XP level 3. HP: 21/23 MP: 3/3
  1066 | D:2      | Reached skill level 4 in Maces & Flails
  1214 | D:2      | Reached XP level 4. HP: 23/28 MP: 4/4
  2258 | D:3      | Reached XP level 5. HP: 29/32 MP: 3/5
  2435 | D:3      | Killed from afar by an orc wizard

Skill      XL: |  1  2  3 |
---------------+----------+-----
Maces & Flails | 3 4 |  4.9
Fighting       | |  3.3
Armour         | |  3.3
Shields        | |  3.3

Action                   |  1- 3 |  4- 6 || total
-------------------------+-------+-------++-------
Melee: Flail             |   153 |   154 ||   307
  Use: Scroll            |     6 |     4 ||    10
  Eat: Chunk             |     1 |     2 ||     3
       Ration            |       |     1 ||     1
Armor: Scale mail        |    70 |       ||    70
       Plate armour      |    49 |   163 ||   212
Dodge: Dodged            |    44 |    29 ||    73
Block: Shield            |    85 |   103 ||   188
